Felina, chaotic female vampiric Rogue --------------- |.......dddd..| |.<....dd@d.... -|-------d----- # d $$ $ Felina the Rogue Experience level: 6 Strength: 10 Dexterity: 19 Constitution: 16 Intelligence: 10 Wisdom: 12 Charisma: 7 Health: 0(46) Energy: 48(48) AC: 2 Gold: 159 Moves: 3075 Your Inventory: Coins $ - 159 gold pieces Weapons a - an uncursed +1 short sword (weapon in hand) b - 19 uncursed +0 daggers (in quiver) t - 6 blessed [+2] darts O - a [blessed +0] dagger Armor C - an uncursed +0 pair of hard shoes [iron] (being worn) F - a blessed +1 chain mail [of stealth] (being worn) Scrolls R - a [blessed] scroll of blank paper S - 2 [uncursed] scrolls of blank paper Rings p - an uncursed wooden ring [of regeneration] (on right hand) Tools e - an uncursed lock pick l - an uncursed looking glass [mirror] v - an uncursed towel z - an [uncursed] partly used [wax] candle (lit) (0:2) A - an uncursed lock pick Gems u - an [uncursed] orange gem [worthless glass] D - an [uncursed] yellowish brown gem [worthless glass] Spells known in the end: Name Level Category Fail Memory a - dig 5 matter 100% [||||||||] Your skills at the end: Fighting Skills Weapon Skills dagger [Basic / Expert] short sword [Basic / Expert] Spellcasting Skills Final Attributes: You were piously aligned. Hunger level was -260. Your alignment was 24 / 25. Monster difficulty range was 1 - 6. Level difficulty was 7. You were immune to level-drain. You were stealthy. You could fly. You could survive without air. You regenerated. You were unlucky (-2). Kos was angry with you (1). You are dead. Vanquished creatures: a brown pudding a dust vortex 3 human zombies a shrieker 2 gnome lords a straw golem a paper golem a giant ant a floating eye 4 dwarves 2 rothes 3 orc zombies a wererat an iguana 2 hobbits a large kobold a hobgoblin a giant rat a cave spider 2 brown molds a red mold 11 gnomes a gnome zombie a gecko 5 jackals a fox a kobold 2 goblins a sewer rat a grid bug 2 lichens a kobold zombie 3 newts 62 creatures vanquished. Voluntary challenges: You used a wielded weapon 43 times. You read items or engraved 3 times. You put on armor 4 times. You never genocided any monsters. You never polymorphed an object. You never changed form. You used no wishes. You never wrote Elbereth's name. You never encountered a bones level. You never used any Sokoban shortcuts. Dungeon overview: The Dungeons of Doom: levels 1 to 7 Level 1 an altar to Kos a long staircase Level 2 stairs to The Gnomish Mines Level 3 portal to Advent Calendar Level 4 a fountain Level 6 a fountain Level 7 <- You were here The Gnomish Mines: Level 3 stairs to The Dungeons of Doom Advent Calendar: Level 3 many trees portal to The Dungeons of Doom History has recorded: On T:1 you entered the Dungeons of Doom to retrieve the Amulet of Yendor! On T:592 you reached level 2 of The Dungeons of Doom. On T:687 you advanced to experience level 2. On T:795 you reached level 1 of The Gnomish Mines. On T:799 you advanced to experience level 3. On T:868 you advanced to experience level 4. On T:960 you advanced to experience level 5. On T:1770 you reached level 3 of The Dungeons of Doom. On T:1818 you reached level 1 of Advent Calendar. On T:1932 you advanced to experience level 6. On T:1995 you reached level 4 of The Dungeons of Doom. On T:2279 you reached level 5 of The Dungeons of Doom. On T:2866 you reached level 6 of The Dungeons of Doom. On T:2902 you reached level 7 of The Dungeons of Doom. Latest messages: The dog drops a mace. [HP+1=44] [HP+1=45] [HP+1=46] You regain consciousness. [24 turns] As you read the scroll, it disappears. You feel very greedy, and sense gold! You faint from lack of food. You regain consciousness. [28 turns] This scroll seems to be blank. You faint from lack of food. Your candle's flame flickers low! The werewolf summons help! The werewolf bites! [HP-8=38] The wolf bites! (4x) The werewolf summons help! The werewolf bites! [HP-30=8] The wolf bites! (3x) You die... Final status: Goodbye Felina the Rogue... You died in The Dungeons of Doom on dungeon level 7 with 2188 points, and 159 pieces of gold, after 3075 moves. You were level 6 with a maximum of 46 hit points when you died.